 Dungeon Crawl Stone Soup version 0.22-a0-278-g8f80174 (webtiles) character file.

61 GizzardofKazz the Bolt Thrower (level 4, 0/26 HPs)
             Began as a Kobold Hunter on Mar 16, 2018.
             Succumbed to an adder's poison
             ... on level 2 of the Dungeon.
             The game lasted 00:05:26 (2159 turns).

GizzardofKazz the Bolt Thrower (Kobold Hunter)      Turns: 2159, Time: 00:05:26

Health: 0/26       AC:  3    Str:  9    XL:     4   Next: 27%
Magic:  4/4        EV: 14    Int: 12    God:
Gold:   66         SH:  0    Dex: 16    Spells: 3/3 levels left

rFire    . . .     SeeInvis .   b - +0 short sword
rCold    . . .     Gourm    .   (shield restricted)
rNeg     . . .     Faith    .   c - +0 leather armour
rPois    .         Spirit   .   (no helmet)
rElec    .         Reflect  .   (no cloak)
rCorr    .         Harm     .   (no gloves)
MR       .....                  (no boots)
Stlth    ++........             (no amulet)
HPRegen  0.08/turn              (no ring)
MPRegen  0.09/turn              (no ring)

@: lethally poisoned (0 -> -5)
A: small, carnivore
a: no special abilities


You were on level 2 of the Dungeon.
You were completely stuffed.

You visited 1 branch of the dungeon, and saw 2 of its levels.

You collected 66 gold pieces.

Inventory:

Hand Weapons
 a - a +1 hand crossbow
 b - a +0 short sword (weapon)
Missiles
 d - 20 bolts
Armour
 c - a +0 leather armour (worn)
Potions
 e - 5 potions of curing {unknown}
 g - a potion of heal wounds {unknown}
 h - 2 potions of degeneration {unknown}
 i - a potion of brilliance {unknown}
Comestibles
 f - 4 rations
 j - a chunk of flesh


   Skills:
 - Level 2.1 Fighting
 + Level 4.7 Short Blades
 - Level 4.8 Crossbows
 - Level 2.4 Dodging
 - Level 1.3 Stealth


You had 3 spell levels left.
You didn't know any spells.

Dungeon Overview and Level Annotations

Branches:
Dungeon (2/15)

Altars:


Innate Abilities, Weirdness & Mutations

You are small and have problems with some larger weapons.
You are carnivorous and can eat meat at any time.


Message History

You miss the adder.
The adder is severely wounded.
The adder barely misses you.
You barely miss the adder.
The adder is severely wounded.
The adder bites you but does no damage. The adder barely misses you.
You hit the adder.
The adder is severely wounded.
The adder bites you but does no damage.
You barely miss the adder.
The adder is severely wounded.
The adder closely misses you. The adder bites you.
* * * LOW HITPOINT WARNING * * *
You are lethally poisoned!
The adder poisons you!
* * * LOW HITPOINT WARNING * * *
You feel sick.
You die...

####...##### ##..#
##.## #..# #+# ##.#
#.# #.# #.# #.#
##.##### #.#
##.@....# #.#
#.....#.# #.#
####.S.##.# #.#
......#.###.#######.#
..###.#.#...........#
#...........#########
#####.#.#####
#####.#รท##
.........#


You could see an adder.

Vanquished Creatures
  An adder (D:2)
  3 dart slugs
  A leopard gecko (D:1)
  5 bats
  6 giant cockroaches
  2 goblins (D:1)
  5 hobgoblins
  8 kobolds
  3 ball pythons
  A frilled lizard (D:1)
  10 rats
45 creatures vanquished.

Notes
Turn   | Place    | Note
-------+----------+-------------------------------------------
     0 | D:1      | GizzardofKazz the Kobold Hunter began the quest for the Orb.
     0 | D:1      | Reached XP level 1. HP: 12/12 MP: 1/1
    20 | D:1      | Reached skill level 1 in Short Blades
    49 | D:1      | Reached XP level 2. HP: 12/17 MP: 2/2
   491 | D:1      | Reached XP level 3. HP: 21/21 MP: 3/3
  1726 | D:2      | Reached XP level 4. HP: 26/26 MP: 4/4
  2156 | D:2      | HP: 1/26 [adder (2)]
  2159 | D:2      | Succumbed to an adder's poison

Vault maps used:
D:1:      dpeg_arrival_ratfight
D:2:      bloody_makhleb

Skill      XL: |  1  2  3 |
---------------+----------+-----
Short Blades   | 2 3 4 |  4.7
Fighting       | |  2.1
Crossbows      | |  4.8
Dodging        | |  2.4
Stealth        | |  1.3

Action                   |  1- 3 |  4- 6 || total
-------------------------+-------+-------++-------
Melee: Short sword       |   129 |    48 ||   177
 Stab: Sleeping          |     5 |       ||     5
  Eat: Chunk             |    11 |     1 ||    12
Armor: Leather armour    |    15 |    10 ||    25
Dodge: Dodged            |    94 |    31 ||   125

Table legend:
 A = Spawn XP
 B = Non-spawn XP
 C = Spawn XP percentage of total XP
 D = Spawn monster count
 E = Non-spawn monster count
 F = Spawn count percentage of total count
 G = Total turns spent on level
                    A         B        C        D         E        F      G
               +---------+---------+-------+---------+---------+-------+---------
         Total |       0 |      88 |   0.0 |       0 |      45 |   0.0 |  2159
               +---------+---------+-------+---------+---------+-------+---------
           D:1 |       0 |      53 |   0.0 |       0 |      32 |   0.0 |  1213
           D:2 |       0 |      35 |   0.0 |       0 |      13 |   0.0 |   946
               +---------+---------+-------+---------+---------+-------+---------
